 Dungeon Crawl Stone Soup version 0.20.0-10-g0535bb4 (webtiles) character file.

1295 HungrySpirit the Cutter (level 8, -3/63 HPs)
             Began as a Vine Stalker Assassin on June 5, 2017.
             Slain by a killer bee (6 damage)
             ... on level 7 of the Dungeon.
             The game lasted 00:09:54 (5361 turns).

HungrySpirit the Cutter (Vine Stalker Assassin)     Turns: 5361, Time: 00:09:55

Health: -3/63      AC: 24    Str: 20    XL:     8   Next: 56%
Magic:  0/3        EV:  2    Int: 11    God:
Gold:   156        SH:  0    Dex: 17    Spells: 7/7 levels left

rFire    + . .     SeeInvis .   h - +1 short sword (antimagic)
rCold    . . .     Gourm    .   (no shield)
rNeg     + + +     Faith    .   (armour currently unavailable)
rPois    +         Spirit   +   (helmet currently unavailable)
rElec    .         Reflect  .   (cloak currently unavailable)
rCorr    .         Harm     .   (gloves currently unavailable)
MR       ++...     NoTele   +   (boots currently unavailable)
Stlth    +++.......             (no amulet)
Regen    0.6/turn               p - ring of protection from fire
MPRegen  0.1/turn               i - ring of protection from magic

@: mighty, lethally poisoned (-3 -> -10), tree-form
A: regeneration 1, magic shield, no potion heal 3, rot immunity
a: no special abilities


You were on level 7 of the Dungeon.
You were not hungry.
You were a tree.
You visited 1 branch of the dungeon, and saw 7 of its levels.

You collected 331 gold pieces.
You spent 175 gold pieces at shops.

Inventory:

Hand Weapons
 a - a +2 dagger
 b - a +0 blowgun
 h - a +1 antimagic short sword (weapon)
Missiles
 e - 30 poisoned needles
 f - 2 curare-tipped needles
 R - a throwing net (quivered)
Armour
 d - a +0 cloak (melded)
 v - the cursed +1 leather armour "Siloymih" (melded) {*Drain MR+ Int+4 Dex+3}
   (You bought it in a shop on level 4 of the Dungeon)

   It affects your intelligence (+4).
   It affects your dexterity (+3).
   It affects your resistance to hostile enchantments.
   It causes draining when unequipped.
   It has a curse placed upon it.
 F - a +0 shield
Jewellery
 i - a ring of protection from magic (right branch)
 p - a ring of protection from fire (left branch)
 u - an uncursed ring of stealth
 w - an uncursed ring of protection from cold
 C - an uncursed ring of protection from fire
 J - a +2 ring of strength {unknown}
 N - an uncursed ring of fire {unknown}
Wands
 y - a wand of polymorph (4/24)
 I - a wand of polymorph (11/24)
Scrolls
 k - 6 scrolls of teleportation {unknown}
 l - 2 scrolls of remove curse {unknown}
 m - a scroll of blinking {unknown}
 o - 5 scrolls of identify {unknown}
 x - 2 scrolls of enchant armour {unknown}
 A - a scroll of fear {unknown}
 B - a scroll of amnesia {unknown}
 G - a scroll of noise {unknown}
 H - a scroll of fog {unknown}
 L - 2 scrolls of recharging {unknown}
 P - a scroll of vulnerability {unknown}
Potions
 c - a potion of berserk rage {unknown}
 j - 2 potions of agility {unknown}
 n - a potion of heal wounds {unknown}
 q - a potion of lignification
 r - a potion of flight {unknown}
 t - a potion of cancellation {unknown}
 z - a potion of magic {unknown}
 D - a potion of mutation {unknown}
 E - a potion of invisibility {unknown}
Comestibles
 g - 3 bread rations
 s - 4 royal jellies
 K - 2 meat rations
 M - a chunk of flesh
 Q - a fruit


   Skills:
 + Level 4.5 Fighting
 * Level 6.6 Short Blades
 - Level 1.7 Throwing
 + Level 3.7 Dodging
 + Level 6.4 Stealth


You had 7 spell levels left.
You didn't know any spells.

Dungeon Overview and Level Annotations

Branches:
Dungeon (7/15)             Temple (0/1) D:7

Altars:
The Shining One

Shops:
D:4 [

Annotations:
D:5 salade2fruit's ghost, novice OpSu


Innate Abilities, Weirdness & Mutations

((You have razor-sharp teeth.))
Your natural rate of healing is unusually fast.
When hurt, damage is shared between your health and your magic reserves.
((Your bite disrupts and absorbs the magic of your enemies.))
Potions cannot restore your health.
You are immune to rotting.


Message History

You feel very mighty all of a sudden.
You feel sick. The killer bee stings you.
* * * LOW HITPOINT WARNING * * *
You are lethally poisoned!
The killer bee poisons you! The killer bee stings you.
* * * LOW HITPOINT WARNING * * *
You hit the killer bee. Your bite misses the killer bee.
The killer bee is heavily wounded.
* * * LOW HITPOINT WARNING * * *
You feel sick. The killer bee closely misses you. The killer bee stings you.
* * * LOW HITPOINT WARNING * * *
Okay, then.
You turn into a tree.
Your +0 cloak melds into your body.
The cursed +1 leather armour "Siloymih" {*Drain MR+ Int+4 Dex+3} melds into your body.
Your roots penetrate the ground.
* * * LOW HITPOINT WARNING * * *
You feel sick.
The killer bee stings you but does no damage.
The killer bee stings you.
You die...

#...###########....##...#
#.............#....##...#
#..).#......#......##.<.#
#....#......#......##...#
#....#......#...........#
#....#......#...........#
#....#......#........<..+
#....#......y......######
#....#.....♣#......#
#....#......#......##.
#....#......#.........
#....#......#.........
#....#......#.........
#....#......#....l....
#....#......#......##$ ##
#....#......#......# #...
#....#......#....... #...


You could see a killer bee.

Vanquished Creatures
  A hungry ghost (D:7)
  A sky beast (D:4)
  A centaur (D:6)
  2 ogres
  A bullfrog (D:6)
  3 scorpions
  2 wights (D:6)
  3 crimson imps
  A bullfrog zombie (D:5)
  An orc wizard (D:5)
  An orc priest (D:5)
  A centaur skeleton (D:6)
  2 iguanas
  4 worker ants
  A hound skeleton (D:6)
  3 gnolls (D:6)
  2 adders
  A shadow imp (D:7)
  An adder skeleton (D:4)
  2 dart slugs
  5 leopard geckos
  6 orcs
  3 giant cockroaches
  7 goblins
  5 hobgoblins
  7 jackals (D:3)
  2 quokkas
  11 bats
  4 frilled lizards
  A giant cockroach zombie (D:5)
  A jackal zombie (D:7)
  12 kobolds
  A leopard gecko skeleton (D:4)
  6 rats
105 creatures vanquished.

Notes
Turn   | Place    | Note
-------+----------+-------------------------------------------
     0 | D:1      | HungrySpirit the Vine Stalker Assassin began the quest for the Orb.
     0 | D:1      | Reached XP level 1. HP: 11/11 MP: 2/2
   158 | D:1      | Reached skill level 1 in Dodging
   158 | D:1      | Reached XP level 2. HP: 15/15 MP: 3/3
   501 | D:1      | Reached XP level 3. HP: 9/18 MP: 4/4
  1670 | D:3      | Gained mutation: Your natural rate of healing is unusually fast. [Vine Stalker growth]
  1670 | D:3      | Reached XP level 4. HP: 10/23 MP: 5/5
  2302 | D:4      | Found Nuck's Antique Armour Shoppe.
  2513 | D:4      | Bought a bloodstained leather armour for 175 gold pieces
  2523 | D:4      | Identified the cursed +1 leather armour "Siloymih" {*Drain MR+ Int+4 Dex+3} (You bought it in a shop on level 4 of the Dungeon)
  2776 | D:4      | Reached XP level 5. HP: 27/27 MP: 2/6
  3278 | D:4      | Noticed an ogre
  3279 | D:4      | Noticed a warg
  3279 | D:4      | an ogre changed into a warg
  3280 | D:4      | Noticed a swamp drake
  3280 | D:4      | a warg changed into a swamp drake
  3283 | D:4      | Noticed a sky beast
  3283 | D:4      | a swamp drake changed into a sky beast
  3296 | D:4      | HP: 1/28 [something (5)]
  3395 | D:4      | Killed a sky beast
  3395 | D:4      | Reached XP level 6. HP: 20/32 MP: 2/7
  3538 | D:5      | Entered Level 5 of the Dungeon
  3590 | D:5      | Reached skill level 5 in Short Blades
  3649 | D:5      | Reached XP level 7. HP: 32/36 MP: 2/8
  3756 | D:5      | Reached skill level 5 in Stealth
  4027 | D:5      | Noticed salade2fruit's ghost (novice OpSu)
  4385 | D:6      | Found a glowing golden altar of the Shining One.
  4526 | D:6      | Found a sand-covered staircase.
  4675 | D:6      | Gained mutation: You have razor-sharp teeth. [Vine Stalker growth]
  4675 | D:6      | Reached XP level 8. HP: 30/42 MP: 3/9
  5240 | D:7      | Found a staircase to the Ecumenical Temple.
  5361 | D:7      | HP: 3/63 [poisoned by a killer bee]
  5361 | D:7      | Slain by a killer bee

Skill      XL: |  1  2  3  4  5  6  7  8 |
---------------+-------------------------+-----
Short Blades   | 2 3 4 5 6 |  6.6
Dodging        | 1 2 3 |  3.7
Fighting       | 2 3 4 |  4.5
Stealth        | 5 6 |  6.4
Throwing       | |  1.7

Action                   |  1- 3 |  4- 6 |  7- 9 || total
-------------------------+-------+-------+-------++-------
Melee: Dagger            |   130 |       |       ||   130
       Bite              |    27 |    25 |    46 ||    98
       Short sword       |       |   108 |   153 ||   261
Evoke: Wand              |       |     5 |       ||     5
  Use: Potion            |     1 |       |     4 ||     5
 Stab: Distracted        |     1 |     1 |       ||     2
       Sleeping          |     8 |     9 |     9 ||    26
  Eat: Chunk             |     2 |     7 |     5 ||    14
Armor: Robe              |    35 |    15 |       ||    50
       Leather armour    |       |    11 |    13 ||    24
       Skin              |       |       |    22 ||    22
Dodge: Dodged            |   108 |    43 |    64 ||   215
